Map: Ascension to Aiur LE

Players

Nerchio

  • Race: Zerg Zerg
  • League: Master
  • Spawn Location: 5:00

DnS - Winner!

  • Race: Protoss Protoss
  • League: Master
  • Spawn Location: 11:00

VOD

Have the link to the VOD?

Description

Time

  • Played on: Nov. 19, 2017, 11:18 a.m.
  • Length: 27:51
Show
View Real Time Build Order
Export as new Build Order

Nerchio Zerg 

Build Orders: Hatch First, Lurkers 

Get SALT Encoding   

  12  0:01  Drone  
  13  0:12  Overlord  
  13  0:17  Drone  
  14  0:30  Drone x2  
  14  0:34  Drone  
  17  0:51  Hatchery  
  17  0:55  Drone  
  17  0:58  Drone  
  17  1:03  Extractor  
  17  1:13  Spawning Pool  
  17  1:17  Drone  
  17  1:20  Drone  
  18  1:27  Drone  
  19  1:38  Overlord  
  19  1:49  Drone  
  20  1:59  Queen  
  22  2:03  Queen, Metabolic Boost  
  22  2:06  Zergling x2  
  25  2:10  Zergling x2  
  25  2:13  Drone  
  27  2:16  Drone  
  27  2:21  Drone  
  29  2:24  Drone  
  30  2:33  Drone  
  31  2:42  Hatchery  
  30  2:45  Zergling x2  
  30  2:47  Zergling x2  
  32  2:52  Overlord  
  32  2:59  Queen  
  34  3:10  Drone x2  
  34  3:11  Drone  
  37  3:16  Drone  
  37  3:17  Drone x2  
  37  3:18  Spore Crawler  
  38  3:20  Drone  
  38  3:22  Drone  
  38  3:24  Drone  
  38  3:27  Drone  
  42  3:30  Spore Crawler  
  42  3:34  Overlord  
  41  3:39  Drone x2  
  43  3:48  Overlord  
  43  3:51  Queen  
  43  3:52  Drone  
  43  3:53  Drone  
  43  3:54  Drone  
  43  3:55  Drone  
  49  3:57  Drone  
  49  4:01  Overlord  
  50  4:03  Drone  
  50  4:07  Drone, Spore Crawler  
  50  4:08  Drone  
  50  4:09  Drone  
  53  4:10  Spore Crawler  
  53  4:12  Drone  
  53  4:13  Drone  
  53  4:15  Drone  
  56  4:18  Drone x2  
  56  4:20  Drone  
  56  4:24  Drone x2  
  60  4:25  Drone  
  60  4:27  Overlord  
  62  4:35  Drone x2  
  64  4:41  Hatchery  
  64  4:44  Drone, Roach Warren  
  63  4:47  Drone x2  
  63  4:48  Drone  
  63  4:51  Overlord  
  68  4:52  Drone x2  
  68  4:57  Extractor  
  68  4:58  Drone x4, Extractor  
  69  5:01  Overlord  
  69  5:03  Drone x2  
  69  5:04  Drone  
  69  5:05  Drone  
  73  5:09  Overlord  
  73  5:12  Overlord  
  73  5:16  Overlord  
  73  5:20  Extractor x2  
  71  5:21  Overlord  
  71  5:22  Overlord  
  71  5:29  Zergling x2  
  71  5:30  Zergling x12  
  71  5:33  Zergling x2, Queen  
  81  5:39  Overlord  
  81  5:44  Lair  
  81  5:49  Evolution Chamber  
  80  5:50  Extractor  
  80  5:51  Drone x3  
  80  5:54  Overlord  
  82  5:57  Roach x8  
  82  6:02  Overlord  
  96  6:07  Drone x4  
  100  6:12  Overlord  
  95  6:26  Roach  
  95  6:27  Roach x3  
  95  6:28  Queen  
  101  6:35  Drone x3  
  101  6:36  Spore Crawler, Overlord  
  102  6:44  Spire  
  102  6:45  Evolution Chamber  
  101  6:47  Hydralisk Den, Zerg Missile Weapons Level 1  
  101  6:48  Drone x3, Glial Reconstitution  
  101  6:50  Overlord  
  103  6:54  Drone x2  
  103  6:55  Drone x4  
  103  6:57  Drone  
  103  6:58  Spore Crawler  
  110  7:01  Drone  
  110  7:04  Roach, Extractor  
  110  7:05  Roach  
  110  7:07  Extractor  
  112  7:08  Roach  
  112  7:09  Roach  
  112  7:10  Roach, Queen  
  112  7:12  Roach  
  112  7:14  Roach x2  
  119  7:16  Roach  
  119  7:18  Roach  
  119  7:20  Roach  
  124  7:23  Roach x2  
  124  7:24  Roach  
  124  7:27  Roach  
  124  7:28  Muscular Augments  
  128  7:32  Hydralisk x2  
  128  7:35  Hydralisk  
  121  7:45  Spire  
  121  7:51  Drone x8  
  121  7:52  Drone x2  
  121  7:54  Overlord  
  121  7:56  Pneumatized Carapace  
  130  8:01  Roach x3  
  130  8:04  Roach  
  130  8:05  Roach  
  138  8:28  Hatchery  
  137  8:37  Hatchery  
  136  8:42  Overseer  
  136  8:44  Zerg Missile Weapons Level 2  
  136  8:47  Mutalisk x6  
  136  8:48  Mutalisk x2  
  153  8:50  Mutalisk  
  155  8:56  Overlord x2  
  155  8:58  Overlord  
  155  9:03  Infestation Pit, Overseer  
  155  9:09  Lurker Den  
  153  9:14  Queen  
  155  9:20  Hydralisk x5  
  165  9:27  Hydralisk  
  165  9:28  Hydralisk x2  
  171  9:35  Hydralisk x2  
  175  9:42  Hydralisk x3  
  181  9:51  Hydralisk x3  
  179  9:53  Overlord  
  179  9:59  Drone  
  179  10:00  Drone x3  
  179  10:01  Overlord  
  179  10:05  Drone x2  
  179  10:06  Drone  
  184  10:11  Extractor  
  183  10:19  Drone x2  
  182  10:28  Infestation Pit  
  179  10:36  Lurker x6  
  179  10:39  Drone x2  
  179  10:40  Drone  
  179  10:41  Drone  
  189  10:44  Spine Crawler x2  
  189  10:45  Spine Crawler  
  186  10:53  Spore Crawler  
  177  10:59  Drone x4, Hydralisk x3  
  177  11:00  Hydralisk x6  
  198  11:07  Overlord  
  198  11:14  Overlord  
  198  11:15  Overlord  
  198  11:17  Overlord  
  194  11:22  Overlord x2  
  194  11:24  Hive  
  192  11:34  Drone x3  
  192  11:37  Evolution Chamber  
  192  11:39  Drone x3, Overlord  
  197  11:45  Zerg Melee Weapons Level 1  
  197  11:46  Evolution Chamber  
  196  11:52  Lurker x4  
  200  11:56  Overseer x2  
  200  11:58  Overseer  
  200  12:00  Hatchery  
  197  12:16  Overlord  
  197  12:35  Overseer, Spine Crawler  
  197  12:36  Overseer, Spine Crawler x2  
  197  12:37  Spine Crawler  
  193  12:43  Hydralisk  
  193  12:44  Hydralisk x2  
  192  12:58  Hydralisk x6  
  151  13:07  Hydralisk  
  151  13:08  Hydralisk x11  
  151  13:11  Lurker x5  
  151  13:12  Lurker  
  173  13:15  Hydralisk  
  173  13:16  Hydralisk  
  157  13:29  Roach x2  
  157  13:31  Roach x3  
  159  13:34  Roach  
  155  13:45  Hydralisk x2  
  155  13:46  Hydralisk  
  147  13:51  Drone x3  
  147  13:52  Zerg Ground Armor Level 1  
  150  13:58  Drone x3  
  150  14:00  Spire  
  152  14:03  Corruptor  
  154  14:11  Hydralisk x2  
  154  14:16  Hydralisk  
  154  14:17  Hydralisk  
  162  14:31  Drone x2  
  162  14:33  Drone x4, Hydralisk  
  162  14:36  Hydralisk, Hatchery  
  171  14:41  Lurker  
  171  14:42  Hydralisk x2, Lurker  
  177  14:46  Hydralisk  
  179  14:54  Hydralisk  
  179  14:55  Hydralisk x3  
  187  15:02  Hydralisk x3  
  193  15:13  Hydralisk  
  175  15:20  Hydralisk x7  
  146  15:22  Hydralisk  
  146  15:24  Roach  
  146  15:25  Roach  
  146  15:26  Roach  
  146  15:28  Roach  
  137  15:29  Roach x2  
  137  15:30  Roach x2  
  137  15:31  Roach  
  137  15:34  Hydralisk  
  146  15:36  Hydralisk  
  146  15:40  Roach  
  146  15:41  Roach  
  152  15:43  Roach  
  152  15:46  Roach  
  152  15:47  Roach  
  152  15:49  Roach x2  
  158  15:50  Roach x2  
  158  15:52  Roach  
  158  15:53  Roach  
  158  15:56  Roach  
  156  15:59  Roach  
  156  16:01  Roach  
  156  16:02  Roach  
  156  16:04  Roach  
  156  16:05  Roach  
  156  16:10  Roach  
  149  16:12  Roach  
  149  16:13  Roach  
  149  16:15  Roach  
  149  16:17  Roach  
  130  16:21  Roach x2  
  130  16:23  Roach  
  111  16:26  Roach  
  111  16:28  Roach  
  103  16:33  Roach x2  
  103  16:36  Roach  
  101  16:40  Overseer  
  101  16:41  Roach  
  101  16:44  Roach  
  101  16:46  Overseer  
  93  16:50  Roach  
  83  16:55  Drone x2  
  83  16:56  Drone  
  83  17:01  Drone  
  83  17:04  Drone  
  83  17:06  Drone  
  85  17:11  Hydralisk  
  87  17:16  Drone x2  
  87  17:17  Drone  
  87  17:20  Drone  
  87  17:22  Drone  
  92  17:23  Drone  
  92  17:27  Drone  
  94  17:31  Overseer  
  94  17:34  Drone x3  
  94  17:36  Drone  
  98  17:38  Drone  
  99  17:45  Hydralisk x2  
  99  17:49  Lurker x2  
  99  17:50  Lurker  
  106  17:52  Lurker  
  106  17:56  Hydralisk  
  106  17:57  Hydralisk  
  111  18:00  Hydralisk  
  111  18:02  Hydralisk  
  111  18:05  Hydralisk  
  115  18:07  Hydralisk  
  115  18:09  Hydralisk  
  115  18:11  Hydralisk  
  123  18:14  Hydralisk  
  123  18:16  Hydralisk  
  123  18:18  Hydralisk  
  129  18:20  Hydralisk  
  129  18:24  Hydralisk x2  
  135  18:30  Overseer  
  135  18:31  Hydralisk x2  
  135  18:32  Hydralisk  
  141  18:34  Hydralisk  
  141  18:37  Hydralisk  
  145  18:41  Lurker x3  
  145  18:42  Lurker x2  
  145  18:43  Hydralisk  
  145  18:45  Hydralisk  
  145  18:47  Hydralisk  
  156  18:52  Hydralisk x2  
  156  18:54  Hydralisk  
  162  18:59  Hydralisk x2  
  162  19:02  Overlord x2  
  166  19:05  Hydralisk  
  166  19:07  Hydralisk  
  170  19:14  Zerg Missile Weapons Level 3  
  170  19:20  Overlord x2  
  170  19:31  Greater Spire  
  170  19:32  Extractor  
  170  19:34  Drone x3  
  170  19:35  Drone, Hydralisk x3  
  170  19:37  Spore Crawler x2  
  177  19:40  Corruptor  
  179  20:09  Hatchery, Corruptor  
  179  20:10  Corruptor x3  
  188  20:20  Overlord  
  186  20:23  Overlord  
  186  20:28  Overlord  
  184  20:31  Overlord x3  
  184  20:33  Overlord  
  182  20:42  Infestor x3  
  188  20:50  Burrow  
  188  20:59  Drone, Spore Crawler  
  188  21:00  Drone x3, Spore Crawler x2  
  188  21:02  Drone x3  
  190  21:18  Spore Crawler, Extractor  
  189  21:22  Brood Lord x2  
  192  21:26  Overseer  
  192  21:35  Corruptor  
  192  21:52  Corruptor x2  
  182  22:07  Zerg Flyer Armor Level 1  
  180  22:11  Extractor x2  
  178  22:23  Infestor x2  
  182  22:34  Queen  
  184  22:53  Brood Lord x3  
  187  23:00  Corruptor  
  186  23:11  Corruptor x2  
  184  23:27  Overseer  
  184  23:32  Pathogen Glands  
  184  23:45  Drone x3  
  187  23:48  Drone  
  187  23:49  Drone x2  
  190  23:57  Hatchery  
  190  23:58  Corruptor x4  
  190  24:01  Queen  
  195  24:13  Drone  
  195  24:14  Drone  
  197  24:20  Corruptor  
  199  24:29  Neural Parasite  
  199  24:30  Spore Crawler  
  198  24:37  Infestor x2  
  198  24:38  Zerg Flyer Armor Level 2  
  200  24:59  Corruptor  
  194  25:10  Spine Crawler  
  194  25:11  Hatchery, Spine Crawler  
  194  25:12  Infestor x2  
  194  25:13  Infestor  
  195  25:26  Extractor  
  194  25:28  Extractor  
  194  25:31  Zerg Melee Weapons Level 2  
  193  25:42  Drone x3  
  196  25:49  Infestor x2  
  198  25:55  Spine Crawler x2  
  198  25:56  Spore Crawler  
  196  25:57  Spore Crawler  
  196  25:58  Spine Crawler  
  196  25:59  Spine Crawler  
  193  26:09  Infestor x2  
  197  26:21  Overseer  
  197  26:24  Drone x3  
  197  27:02  Spire  
  197  27:04  Corruptor x3  
  200  27:24  Spire  
Show
View Real Time Build Order
Export as new Build Order

DnS Protoss - Winner!

Build Orders: 1 Gate Expand, Oracle Opening, Archon Immortal, Zealot Archon 

Get SALT Encoding   

  12  0:00  Probe  
  13  0:12  Probe  
  14  0:18  Pylon  
  14  0:24  Probe (Chrono Boost)  
  15  0:36  Probe (Chrono Boost)  
  15  0:39  Gateway  
  17  0:46  Probe (Chrono Boost)  
  17  0:49  Assimilator  
  17  0:50  Probe  
  18  1:03  Probe (Chrono Boost)  
  20  1:13  Probe (Chrono Boost)  
  20  1:22  Nexus  
  20  1:33  Cybernetics Core  
  20  1:36  Probe  
  21  1:41  Assimilator  
  21  1:48  Probe  
  21  1:51  Pylon  
  22  2:01  Probe  
  23  2:09  Adept (Chrono Boost)  
  23  2:13  Probe  
  26  2:20  Stargate  
  26  2:26  Adept  
  26  2:27  Probe (Chrono Boost)  
  29  2:33  Warp Gate  
  29  2:34  Probe (Chrono Boost)  
  31  2:44  Probe (Chrono Boost)  
  31  2:47  Probe  
  31  2:49  Probe  
  33  2:54  Adept  
  35  2:59  Probe  
  35  3:02  Pylon, Probe  
  37  3:07  Oracle (Chrono Boost)  
  37  3:11  Probe  
  41  3:14  Probe  
  42  3:23  Gateway, Probe  
  42  3:26  Probe  
  44  3:31  Pylon  
  44  3:35  Probe  
  44  3:38  Probe  
  46  3:47  Pylon  
  46  3:48  Oracle (Chrono Boost)  
  46  3:49  Gateway, Probe, Adept  
  46  3:50  Probe  
  46  3:54  Assimilator  
  53  3:55  Assimilator  
  53  4:01  Probe  
  54  4:05  Probe  
  55  4:12  Pylon  
  55  4:13  Probe  
  55  4:15  Phoenix (Chrono Boost)  
  58  4:17  Probe  
  59  4:25  Probe  
  59  4:29  Probe  
  61  4:32  Robotics Facility  
  61  4:37  Probe  
  61  4:38  Twilight Council  
  62  4:39  Forge  
  62  4:47  Nexus  
  62  4:52  Pylon  
  62  4:58  Charge  
  59  5:08  Pylon  
  59  5:14  Protoss Ground Weapons Level 1 (Chrono Boost)  
  59  5:16  Gateway  
  59  5:19  Warp Prism  
  59  5:20  Templar Archives  
  61  5:26  Gateway  
  61  5:28  Gateway  
  61  5:37  Gateway  
  61  5:38  Gateway  
  61  5:42  Gateway  
  61  5:43  Shield Battery  
  61  5:44  Pylon  
  61  5:48  Probe x2  
  63  5:58  Warp Prism  
  63  6:00  Probe  
  63  6:03  Probe  
  67  6:07  Probe  
  68  6:12  Probe  
  68  6:15  Probe  
  69  6:19  Probe  
  69  6:20  Zealot x4  
  69  6:24  Probe  
  69  6:25  Shield Battery  
  77  6:27  Probe  
  77  6:31  Probe  
  77  6:35  Observer  
  77  6:37  Probe  
  77  6:39  Probe  
  80  6:42  High Templar x3  
  80  6:43  High Templar, Probe (Chrono Boost)  
  80  6:46  Archon x2  
  89  6:49  Zealot x4  
  89  6:52  Probe (Chrono Boost)  
  99  6:55  Probe x2 (Chrono Boost)  
  103  7:03  Probe (Chrono Boost)  
  103  7:04  Probe x2 (Chrono Boost), Observer  
  103  7:05  Assimilator  
  103  7:06  Protoss Ground Weapons Level 2 (Chrono Boost), Probe  
  103  7:07  Pylon, Assimilator  
  103  7:09  Probe  
  103  7:14  Probe  
  99  7:18  Probe  
  99  7:21  Probe  
  101  7:25  Zealot x6  
  101  7:27  Zealot  
  109  7:36  Probe  
  108  7:40  Immortal (Chrono Boost)  
  104  7:53  Pylon  
  104  7:57  Zealot x8  
  114  8:09  Immortal (Chrono Boost)  
  114  8:16  Psionic Storm  
  112  8:21  High Templar x5  
  112  8:22  High Templar, Zealot x2  
  116  8:28  Pylon  
  116  8:29  Pylon  
  116  8:31  Pylon  
  114  8:34  Gateway  
  114  8:35  Gateway  
  114  8:42  Pylon, Immortal  
  118  8:51  Phoenix (Chrono Boost)  
  118  8:53  Shield Battery  
  118  8:54  Photon Cannon  
  120  8:56  Photon Cannon  
  120  8:57  Shield Battery  
  120  9:07  High Templar x2  
  120  9:08  High Templar x2  
  128  9:12  Photon Cannon  
  128  9:13  Photon Cannon  
  128  9:14  Photon Cannon  
  128  9:17  Shield Battery  
  128  9:18  Archon x2, Stalker  
  129  9:34  Zealot x3  
  129  9:35  Zealot x2  
  129  9:37  Immortal  
  143  9:43  Phoenix (Chrono Boost)  
  142  9:48  Stalker  
  142  9:49  Stalker x2  
  142  9:51  Stalker  
  146  9:58  Phoenix  
  138  10:08  Pylon  
  136  10:26  Immortal (Chrono Boost)  
  136  10:29  Nexus  
  136  10:37  High Templar x4, Zealot x3  
  136  10:38  Zealot x3  
  136  10:41  Archon x2  
  156  10:48  Probe  
  157  11:03  Probe  
  157  11:05  Probe  
  156  11:11  Pylon, Observer  
  156  11:12  Pylon  
  147  11:24  Pylon, Zealot x2  
  147  11:25  Zealot x3  
  145  11:26  Pylon  
  145  11:28  Stalker x3  
  145  11:29  Stalker x2  
  156  11:33  Observer (Chrono Boost)  
  156  11:35  Nexus  
  156  11:37  Pylon  
  156  11:44  High Templar x3  
  156  11:45  High Templar, Photon Cannon, Observer (Chrono Boost)  
  165  11:48  Archon  
  165  11:49  Archon  
  163  12:00  Warp Prism (Chrono Boost)  
  165  12:06  High Templar x2, Zealot  
  165  12:07  Zealot x3  
  177  12:09  Shield Battery  
  177  12:10  Photon Cannon, Archon  
  173  12:25  Protoss Ground Weapons Level 3 (Chrono Boost)  
  173  12:27  Blink (Chrono Boost)  
  173  12:31  Zealot x4  
  173  12:32  Zealot x4  
  183  12:55  Zealot x7  
  163  13:08  Warp Prism (Chrono Boost)  
  155  13:15  High Templar x2  
  155  13:16  High Templar  
  155  13:17  High Templar x3, Zealot  
  155  13:18  Zealot x2  
  171  13:21  Archon x2  
  164  13:27  Archon  
  156  13:41  Immortal (Chrono Boost)  
  141  13:51  High Templar x2  
  141  13:52  Zealot x8  
  141  13:55  Assimilator  
  161  13:56  Assimilator  
  165  14:10  Immortal (Chrono Boost)  
  165  14:16  High Templar x2  
  165  14:17  Zealot x3  
  171  14:20  Archon  
  175  14:24  Nexus  
  175  14:28  Zealot  
  177  14:35  Warp Prism (Chrono Boost)  
  177  14:38  High Templar x2, Zealot x2  
  181  14:39  Zealot x3  
  181  14:43  Archon, Pylon  
  181  14:44  Probe x4  
  197  14:49  Dark Shrine  
  177  15:15  Archon  
  177  15:19  Zealot x9  
  177  15:20  Zealot  
  173  15:23  Archon  
  159  15:30  Observer  
  144  15:57  Stalker x4  
  144  15:58  Stalker x3  
  144  15:59  Zealot x3  
  131  16:20  Dark Templar x2  
  131  16:21  Zealot x5, Dark Templar x2  
  129  16:28  Immortal (Chrono Boost)  
  123  16:46  Zealot x4  
  123  16:47  Zealot x2  
  101  16:57  High Templar  
  101  16:58  High Templar x6  
  101  16:59  Zealot x3  
  101  17:00  Immortal (Chrono Boost)  
  101  17:01  Void Ray (Chrono Boost)  
  111  17:11  Assimilator  
  111  17:12  Assimilator  
  111  17:19  High Templar x2  
  111  17:20  Zealot  
  117  17:23  Archon  
  117  17:28  Pylon  
  117  17:29  Immortal (Chrono Boost)  
  121  17:31  High Templar  
  121  17:32  High Templar, Zealot x5  
  121  17:37  Archon, Void Ray (Chrono Boost)  
  139  17:38  Gateway  
  139  17:40  Gateway  
  139  17:46  Immortal (Chrono Boost), Stalker  
  139  17:47  Void Ray (Chrono Boost)  
  145  17:56  Stalker  
  151  18:05  High Templar x2  
  155  18:06  Stalker x3, Zealot x3  
  155  18:10  Archon  
  167  18:15  Immortal (Chrono Boost)  
  171  18:30  Nexus  
  171  18:31  Pylon  
  171  18:32  Void Ray (Chrono Boost)  
  175  18:36  High Templar x2  
  175  18:41  Archon  
  179  18:50  Assimilator x2  
  179  18:53  Photon Cannon  
  179  18:55  Stalker x5  
  189  19:10  Zealot x4  
  197  19:19  Fleet Beacon  
  197  19:20  Stargate  
  189  19:56  Protoss Shields Level 1 (Chrono Boost)  
  181  20:10  Zealot x8  
  191  20:21  Carrier (Chrono Boost)  
  191  20:22  Mothership (Chrono Boost)  
  191  20:27  Protoss Air Weapons Level 1  
  177  20:28  Carrier (Chrono Boost)  
  177  20:30  High Templar x2, Graviton Catapult  
  177  20:31  High Templar  
  195  20:48  Stargate  
  195  20:55  Stalker  
  197  21:08  Zealot x3  
  197  21:09  Zealot x2  
  198  21:42  Carrier (Chrono Boost)  
  185  21:48  Carrier x2 (Chrono Boost)  
  179  22:05  Warp Prism  
  167  22:11  Dark Templar  
  167  22:12  Zealot  
  169  22:15  Protoss Air Weapons Level 2 (Chrono Boost)  
  169  22:19  Pylon  
  169  22:22  Stargate  
  169  22:27  Pylon  
  169  22:39  Dark Templar  
  169  22:40  Zealot x6  
  169  22:41  Zealot x4  
  186  22:54  Carrier (Chrono Boost)  
  180  23:02  Carrier (Chrono Boost)  
  186  23:06  Observer  
  186  23:08  Carrier (Chrono Boost)  
  186  23:10  Nexus  
  186  23:12  Pylon  
  191  23:21  Carrier (Chrono Boost)  
  191  23:33  Zealot  
  183  23:36  Zealot x2, Dark Templar  
  183  23:37  Zealot x5  
  183  23:39  Nexus  
  183  23:40  Pylon  
  199  23:48  Cybernetics Core  
  197  23:53  Protoss Shields Level 2, Assimilator  
  197  23:57  Assimilator  
  195  24:03  Protoss Air Weapons Level 3 (Chrono Boost)  
  195  24:07  Warp Prism (Chrono Boost)  
  183  24:14  Nexus  
  183  24:15  Pylon  
  184  24:18  Oracle (Chrono Boost)  
  184  24:21  Carrier (Chrono Boost)  
  184  24:24  Carrier  
  193  24:32  Assimilator  
  193  24:35  Zealot x3, Dark Templar  
  193  24:38  Assimilator  
  192  24:46  Carrier  
  192  24:52  Zealot  
  199  24:58  Protoss Air Armor Level 1 (Chrono Boost)  
  195  25:05  High Templar x2  
  197  25:18  Oracle  
  198  25:39  Nexus  
  198  25:41  Pylon  
  196  25:50  Zealot x2  
  196  25:54  Assimilator  
  200  25:57  Assimilator  
  196  26:38  Zealot, Dark Templar  
  191  26:55  Dark Templar  
  191  27:00  Stalker x3  
  198  27:25  Nexus  
Tags
 
Add a new tag
Caveats
  • Supply blocks, unpowered buildings, or Contaminate may cause inaccurate times.
  • Supply counts are checked every 10 seconds.